AoeStats
← ElEmaRnR

Fortress

510447216Analyzed
1v1 RM · 2d ago on Oct 1, 2026· 43m 1s· 2 players
Game mode
Random Map
Map size
Small (3 player)
Population
200
Speed
Normal
Resources
Standard
Victory
Conquest
Starting age
Dark Age
Ending age
Imperial Age
RankedLock teamsTeams togetherTeam positionsShared explorationLock speedFull tech treeHidden civsTurbo modeCheats
Victory
Defeat
🇵🇪 Cumans · Peru
1086
+18
🇦🇷 Bohemians · Argentina
1123
-18
Jolman
8:01 Feudal Age
10:58 Wheelbarrow
12:34 Double-Bit Axe
15:18 Castle Age
13:07 Town Watch
13:48 Fletching
14:43 Padded Archer Armor
15:02 Loom
15:24 Elite Skirmisher
19:10 Bodkin Arrow
19:30 Stone Mining
20:45 Squires
21:31 Ballistics
21:09 Gold Mining
23:54 Scale Barding Armor
24:45 Hand Cart
28:15 Imperial Age
26:14 Bow Saw
26:00 Horse Collar
27:03 Leather Archer Armor
28:14 Chain Barding Armor
29:24 Conscription
29:17 Bloodlines
29:44 Plate Barding Armor
29:20 Forging
29:24 Heavy Plow
30:48 Two-Man Saw
29:15 Light Cavalry
30:57 Gold Shaft Mining
31:32 Ring Archer Armor
32:15 Iron Casting
32:32 Crop Rotation
32:34 Hussar
33:49 Steppe Husbandry
36:21 Blast Furnace
35:28 Onager
37:13 Masonry
37:44 Town Patrol
39:46 Chemistry
40:40 Hoardings
41:52 Elite Steppe Lancer
ElEmaRnR
7:49 Feudal Age
11:41 Castle Age
13:09 Double-Bit Axe
13:05 Horse Collar
17:34 Bow Saw
22:14 Wheelbarrow
25:19 Hand Cart
29:53 Imperial Age
29:22 Pikeman
30:02 Squires
30:04 Scale Mail Armor
30:15 Forging
30:39 Elite Hussite Wagon
32:15 Wagenburg Tactics
33:19 Conscription
41:49 Chain Mail Armor
Connection lost

Rejoining the realm…

Still unreachable

The connection could not be restored.

Session expired

The server has moved on; the page needs a fresh start.